 Dungeon Crawl Stone Soup version 0.16.1-17-g773cdaf (webtiles) character file.

88 jacksonaction the Changer (level 4, 0/28 HPs)
             Began as an Octopode Transmuter on Apr 22, 2015.
             Slain by Sigmund
             ... wielding a +2 scythe of freezing
              (4 damage)
             ... on level 2 of the Dungeon.
             The game lasted 00:13:57 (2603 turns).

jacksonaction the Changer (Octopode Transmuter)     Turns: 2603, Time: 00:13:57

Health: 0/28       AC:  1    Str:  9    XL:     4   Next: 53%
Magic:  7/9        EV: 12    Int: 15    God:
Gold:   87         SH:  0    Dex: 13    Spells: 2 memorised, 5 levels left

rFire  . . .     SeeInvis .       - Unarmed
rCold  . . .     Clarity  .     (no shield)
rNeg   . . .     SustAb   .     (helmet restricted)
rPois  .         Gourm    .     (no amulet)
rElec  .         Spirit   .     (no ring)
rCorr  .         Warding  .     (no ring)
rMut   .         Stasis   .     (no ring)
MR     .....                    (no ring)
Stlth  ++........               (no ring)
                                (no ring)
                                (no ring)
                                (no ring)

@: hasted, very quick, not resistant to hostile enchantments, unstealthy
A: almost no armour, amphibious, 8 rings, constrict 8, camouflage 1, gelatinous
body 1
a: no special abilities


You were on level 2 of the Dungeon.
You were not hungry.

You visited 1 branch of the dungeon, and saw 2 of its levels.

You collected 87 gold pieces.

Inventory:

Missiles
 o - 32 poisoned needles
Jewellery
 b - a cursed ring of teleportation {unknown}
 k - an uncursed ring of sustain abilities {unknown}
Scrolls
 c - 2 scrolls of teleportation {unknown}
 f - 3 scrolls of identify {unknown}
 h - a scroll of recharging {unknown}
 i - 2 scrolls of enchant weapon {unknown}
 j - a scroll of magic mapping {unknown}
Potions
 n - a potion of resistance {unknown}
 p - a potion of curing {unknown}
Books
 d - a book of Changes

   Spells                             Type                      Level
   a - Beastly Appendage              Transmutation                1
   b - Sticks to Snakes               Transmutation                2
   c - Spider Form                    Transmutation/Poison         3
   d - Ice Form                       Ice/Transmutation            4
   e - Blade Hands                    Transmutation                5
Comestibles
 a - 2 bread rations
 l - 2 chunks of flesh
 q - a beef jerky


   Skills:
 - Level 1.0 Fighting
 - Level 2.0 Dodging
 - Level 3.0 Unarmed Combat
 - Level 3.1 Spellcasting
 + Level 3.6 Transmutations


You had 5 spell levels left.
You knew the following spells:

 Your Spells              Type           Power        Failure   Level  Hunger
a - Beastly Appendage     Trmt           ##....       6%          1    #......
b - Spider Form           Trmt/Pois      #.........   30%         3    ###....


Dungeon Overview and Level Annotations

Branches:
Dungeon (2/15)

Altars:

Annotations:
D:2 Sigmund


Innate Abilities, Weirdness & Mutations

You cannot wear most types of armour.
You are amphibious.
You can wear up to eight rings at the same time.
You can use your tentacles to constrict many enemies at once.
Your skin changes colour to match your surroundings (Stealth).
Your rubbery body absorbs attacks (AC +1).


Message History

You barely miss something. Something hits you. Something freezes you.
You hit something. Something hits you!
* * * LOW HITPOINT WARNING * * *
Something freezes you.
* * * LOW HITPOINT WARNING * * *
Unknown command.
Drink which item? (? for menu, Esc to quit)
It was a potion of might.
You feel very mighty all of a sudden.
Drink which item? (? for menu, Esc to quit)
It was a potion of cancellation.
Your magical effects are unravelling.
You feel magically purged.
You feel a little less mighty now. Something closely misses you.
Drink which item? (? for menu, Esc to quit)
It was a potion of haste.
You feel yourself speed up.
Your transformation has ended.
Something hits you.
You die...

#.# #.......)...# #.#
#####.#####.# #.# #.# #.#
#.# #.# #.# #.# #.# #.#
#.# #####.# #.####
..###############......#
#.....
..)((...........#....####
######
.............?..@{?..'...
....[##########.##...#...
####.# #.##...# ####)####
#.##...# ........#
#.##...# ####.##.##
#.##...##### #.##..#
###.##.......# ####.###.##
#.......#....#
..........###.......#....#


There were no monsters in sight!

Vanquished Creatures
  Robin (D:2)
  2 adders (D:2)
  2 oozes
  5 bats
  3 giant cockroaches
  11 goblins
  11 hobgoblins
  2 quokkas (D:2)
  4 giant newts (D:1)
  4 kobolds
  12 rats
57 creatures vanquished.

Notes
Turn   | Place    | Note
--------------------------------------------------------------
     0 | D:1      | jacksonaction, the Octopode Transmuter, began the quest for the Orb.
     0 | D:1      | Reached XP level 1. HP: 13/13 MP: 3/3
   328 | D:1      | Reached XP level 2. HP: 18/18 MP: 5/5
  1089 | D:1      | Reached XP level 3. HP: 19/23 MP: 8/8
  1094 | D:1      | Learned a level 3 spell: Spider Form
  1475 | D:2      | Noticed Robin
  1507 | D:2      | Killed Robin
  1930 | D:2      | Reached XP level 4. HP: 26/28 MP: 9/9
  1967 | D:2      | Noticed Sigmund
  2603 | D:2      | Slain by Sigmund

Action                   |  1- 3 |  4- 6 || total
-------------------------+-------+-------++-------
Melee: Unarmed           |    92 |    40 ||   132
 Cast: Spider Form       |     1 |     3 ||     4
       Beastly Appendage |     1 |       ||     1
  Use: Potion            |       |     3 ||     3
 Stab: Sleeping          |     9 |     2 ||    11
  Eat: Chunk             |     3 |     3 ||     6
